 Dungeon Crawl Stone Soup version 0.23-a0-172-g8f65603 (webtiles) character file.

24856 HarryHood the Basher (level 13, -1/90 HPs)
             Began as a Gargoyle Berserker on Sept 15, 2018.
             Was a High Priest of Trog.
             Slain by a harpy (17 damage)
             ... summoned by Kirke
             ... on level 4 of the Lair of Beasts on Sept 16, 2018.
             The game lasted 01:06:59 (15296 turns).

HarryHood the Basher (Gargoyle Berserker)          Turns: 15296, Time: 01:07:00

Health: -1/90      AC:  0    Str: 24    XL:     13   Next: 15%
Magic:  13/13      EV: 14    Int:  8    God:    Trog [*****.]
Gold:   762        SH:  0    Dex: 11    Spells: 12/12 levels left

rFire    . . .     SeeInvis .   (weapon currently unavailable)
rCold    . . .     Gourm    .   (shield currently unavailable)
rNeg     + . .     Faith    .   (armour currently unavailable)
rPois    ∞         Spirit   .   (helmet currently unavailable)
rElec    .         Reflect  .   (cloak currently unavailable)
rCorr    .         Harm     .   (gloves currently unavailable)
MR       .....                  (boots currently unavailable)
Stlth    +.........             (no amulet)
HPRegen  0.25/turn              (ring currently unavailable)
MPRegen  0.13/turn              (ring currently unavailable)

@: pig-form, flying, very quick
A: small, negative energy resistance 1, petrification resistance, rot immunity,
AC +9
a: Berserk, Trog's Hand, Brothers in Arms, Renounce Religion


You were on level 4 of the Lair of Beasts.
You worshipped Trog.
Trog was extremely pleased with you.
You were hungry.
You were a filthy swine.
You visited 3 branches of the dungeon, and saw 16 of its levels.
You also visited: Sewer.

You collected 762 gold pieces.

Inventory:

Hand Weapons
 a - a +4 flail of draining (melded)
 b - a +0 hunting sling of freezing
 D - the cursed +1 long sword "Vus Muth" {flame, +Rage Int+4, unknown}
   (You found it on level 6 of the Dungeon)

   It has been specially enchanted to burn those struck by it, causing extra
   injury to most foes and up to half again as much damage against particularly
   susceptible opponents.
   Big, fiery blades are also staple armaments of hydra-hunters.
   It affects your intelligence (+4).
   It lets you go berserk.
   It has a curse placed upon it.
Missiles
 j - 470 stones (quivered)
 k - 105 sling bullets
Armour
 d - a +1 chain mail (melded)
 r - a +0 helmet (melded)
 x - a +0 pair of boots (melded)
 C - a +0 pair of gloves (melded)
 J - the +1 chain mail of Zyosol {rF+, unknown}
   (You found it on level 3 of the Lair of Beasts)

   It protects you from fire.
Jewellery
 f - a ring of see invisible (melded)
 z - an uncursed ring of fire
 G - a ring of protection from magic (melded)
 I - an uncursed ring of protection from magic
Wands
 g - a wand of polymorph (14)
 v - a wand of digging (18)
 y - a wand of enslavement (11)
Scrolls
 i - a scroll of brand weapon
 l - 6 scrolls of blinking {@r7}
 o - 3 scrolls of teleportation {@r0}
 u - a scroll of remove curse {@r1}
 B - a scroll of magic mapping {@r5}
 E - a scroll of fog
Potions
 c - 2 potions of might
 h - 5 potions of mutation {!q}
 m - 3 potions of heal wounds {@q1}
 n - 2 potions of resistance
 p - 8 potions of curing {@q2}
 q - 3 potions of flight
 s - a potion of haste
 t - 2 potions of brilliance
 w - 2 potions of ambrosia {unknown}
 A - 3 potions of lignification {!q}
 F - a potion of berserk rage {unknown}
Comestibles
 e - 37 rations {@e1}


   Skills:
 + Level 14.0 Fighting
 - Level 14.0 Maces & Flails
 - Level 6.0 Slings
 * Level 9.2 Armour
 - Level 1.5 Dodging


You had 12 spell levels left.
You didn't know any spells.
Your spell library was empty.

Dungeon Overview and Level Annotations

Branches:
Dungeon (11/15)            Temple (1/1) D:4            Lair (4/6) D:9
  Swamp (0/4) Lair:2          Orc (0/2) D:10
  Snake: Lair:2-4    Spider: Lair:2-4

Altars:
Cheibriados
Dithmenos
Fedhas
Gozag
Okawaru
Qazlal
Trog
Vehumet
Wu Jian
Zin
The Shining One

Shops:
D:6 *

Annotations:
D:10 exclusion: 2 oklob plants
Lair:3 exclusion: 4 oklob plants
Lair:4 Kirke


Innate Abilities, Weirdness & Mutations

You are resistant to torment.
((Your stone body is resilient. (AC +9)))
You are immune to poison.
You resist negative energy. (rN+)
((You are resistant to electric shocks. (rElec)))
((You can survive without breathing.))
You are immune to petrification.
You are immune to rotting.


Message History

You feel very buoyant.
You fly up into the air.
Kirke hits you.
You take 3 damage, and have 30/90 hp.
Okay, then.
Kirke hits you.
* * * LOW HITPOINT WARNING * * *
You take 6 damage, and have 24/90 hp.
You bite Kirke!
Kirke mumbles some strange words.
Kirke flickers and vanishes!
Deactivating autopickup; reactivate with Ctrl-A.
You miss something. Something hits you!
* * * LOW HITPOINT WARNING * * *
You take 8 damage, and have 16/90 hp.
Something tries to affect you, but you resist.
You see here a black mamba corpse.
You hear some strange, mumbled words.
Something summons some harpies!
You hit the bush but do no damage. The harpy claws you!
You die...

##............
#P...............
#................
#...............
#................
##..................
#....$......>.........
##P.......P##............
##......h...............#
#....#.H...............+
#....##.H..............#
#....##.................
##....##.................
#.....††....P.......#....
#.....##...[.......#.....
##..........P.......#....
#.......................


You could see 2 harpies.

Vanquished Creatures
  A hydra (Lair:1)
  A catoblepas (Lair:3)
  A two-headed ogre (D:11)
  Sonja (D:10)
  An unseen horror (D:10)
  2 ugly things (D:11)
  2 black mambas
  4 spiny frogs
  A komodo dragon (Lair:3)
  A rime drake (Lair:1)
  A tengu conjurer (D:10)
  3 trolls
  6 hippogriffs
  5 blink frogs
  34 yaks
  Eustachio (D:6)
  A wraith (D:11)
  Grum (Lair:1)
  6 hogs (Lair:4)
  A wyvern (Lair:3)
  2 basilisks (Lair:2)
  A hungry ghost (D:7)
  Menkaure (D:6)
  3 wargs (D:9)
  Edmund (D:6)
  Duvessa (D:6)
  5 water moccasins
  3 porcupines
  5 orc warriors
  Purgy (Sewer)
  5 ice beasts
  2 sky beasts
  An eye of draining (D:9)
  2 black bears
  10 ogres
  3 phantoms
  7 wolves
  12 centaurs
  6 crocodiles
  12 bullfrogs
  Blork the orc (D:5)
  A wyvern zombie (D:10)
  Dowan (D:6)
  5 scorpions
  4 killer bees (D:9)
  A howler monkey (D:11)
  2 bullfrog zombies
  7 crimson imps
  2 centaur zombies
  A quasit (D:8)
  A bullfrog skeleton (D:10)
  9 orc priests
  A jelly (D:11)
  7 orc wizards
  3 hounds
  Jessica (D:2)
  3 centaur skeletons
  2 iguanas
  Ijyb (D:3)
  6 worker ants
  3 hell rats (Lair:3)
  2 worker ant zombies (D:10)
  12 adders
  A gnoll (D:1)
  2 howler monkey skeletons
  A shadow imp (D:5)
  An ooze (D:1)
  An adder skeleton (D:6)
  An adder zombie (D:7)
  3 worms
  3 dart slugs
  2 leopard geckos (D:5)
  45 orcs
  4 ball pythons
  11 giant cockroaches
  5 goblins
  6 hobgoblins
  7 jackals
  4 quokkas
  9 bats
  7 frilled lizards
  4 kobolds
  2 quokka skeletons
  5 rats
357 creatures vanquished.

Vanquished Creatures (collateral kills)
  3 hell rats (Lair:3)
3 creatures vanquished.

Vanquished Creatures (others)
  3 fungi
  4 plants
7 creatures vanquished.

Grand Total: 367 creatures vanquished

Notes
Turn   | Place    | Note
-------+----------+-------------------------------------------
     0 | D:1      | HarryHood the Gargoyle Berserker began the quest for the
                  | Orb.
     0 | D:1      | Reached XP level 1. HP: 14/14 MP: 1/1
   224 | D:1      | Reached XP level 2. HP: 19/19 MP: 2/2
   641 | D:1      | Reached XP level 3. HP: 24/24 MP: 3/3
   914 | D:1      | Reached skill level 4 in Maces & Flails
  1178 | D:2      | Reached skill level 4 in Fighting
  1419 | D:2      | Reached XP level 4. HP: 23/29 MP: 4/4
  1420 | D:2      | Reached ** piety under Trog
  1849 | D:2      | Found an ornate altar of the Wu Jian Council.
  1914 | D:2      | Noticed Jessica
  1921 | D:2      | Killed Jessica
  1921 | D:2      | Reached skill level 5 in Maces & Flails
  1921 | D:2      | Reached XP level 5. HP: 34/34 MP: 5/5
  2112 | D:3      | Noticed Ijyb
  2116 | D:3      | Paralysed by Ijyb for 3 turns
  2121 | D:3      | Paralysed by Ijyb for 2 turns
  2130 | D:3      | Paralysed by Ijyb for 3 turns
  2136 | D:3      | Paralysed by Ijyb for 6 turns
  2163 | D:3      | Killed Ijyb
  2466 | D:3      | Found a glowing drain.
  2505 | Sewer    | Entered a sewer
  2559 | Sewer    | Noticed Purgy
  2581 | Sewer    | Killed Purgy
  2581 | Sewer    | Reached skill level 5 in Fighting
  2581 | Sewer    | Reached XP level 6. HP: 20/40 MP: 6/6
  2769 | D:3      | Reached skill level 6 in Maces & Flails
  3067 | D:4      | Found a staircase to the Ecumenical Temple.
  3074 | Temple   | Entered the Ecumenical Temple
  3075 | Temple   | Upgraded the game from 0.23-a0-171-g5ae17c6 to
                  | 0.23-a0-172-g8f65603
  3121 | D:4      | Found an opulent altar of Gozag.
  3181 | D:4      | Reached skill level 3 in Armour
  3332 | D:4      | Reached XP level 7. HP: 37/45 MP: 7/7
  3387 | D:4      | Reached skill level 6 in Fighting
  3822 | D:5      | Entered Level 5 of the Dungeon
  3826 | D:5      | Noticed Blork the orc
  3839 | D:5      | Reached skill level 4 in Armour
  3843 | D:5      | Killed Blork the orc
  3843 | D:5      | Reached *** piety under Trog
  4047 | D:5      | Reached skill level 7 in Fighting
  4047 | D:5      | Reached skill level 5 in Armour
  4047 | D:5      | Reached XP level 8. HP: 18/53 MP: 8/8
  4447 | D:5      | Found a snail-covered altar of Cheibriados.
  4555 | D:5      | Reached skill level 6 in Armour
  4792 | D:6      | Noticed Duvessa
  4797 | D:6      | Noticed Dowan
  4806 | D:6      | Noticed Eustachio
  4822 | D:6      | Killed Duvessa
  4822 | D:6      | Reached skill level 8 in Fighting
  4833 | D:6      | Killed Dowan
  4871 | D:6      | Killed Eustachio
  4871 | D:6      | Reached skill level 7 in Maces & Flails
  5125 | D:6      | Got a transparent long sword
  5680 | D:6      | Reached XP level 9. HP: 60/60 MP: 9/9
  5767 | D:6      | Noticed Menkaure
  5778 | D:6      | Killed Menkaure
  5857 | D:6      | Found an iron altar of Okawaru.
  5912 | D:6      | Reached skill level 8 in Maces & Flails
  5962 | D:6      | Found a radiant altar of Vehumet.
  5976 | D:6      | Noticed Edmund
  6004 | D:6      | Killed Edmund
  6162 | D:6      | Found a bloodstained altar of Trog.
  6163 | D:6      | Found a glowing silver altar of Zin.
  6177 | D:6      | Found Muen's Merry Market.
  6282 | D:6      | Reached skill level 9 in Fighting
  6393 | D:7      | Found a glowing golden altar of the Shining One.
  6580 | D:7      | Reached skill level 9 in Maces & Flails
  6695 | D:7      | Reached **** piety under Trog
  6828 | D:7      | Found a stormy altar of Qazlal.
  7466 | D:8      | Reached skill level 10 in Maces & Flails
  7466 | D:8      | Reached XP level 10. HP: 64/68 MP: 10/10
  7481 | D:8      | Reached skill level 10 in Fighting
  7877 | D:9      | Reached skill level 11 in Maces & Flails
  8071 | D:9      | Found a staircase to the Lair.
  8097 | D:9      | Reached skill level 11 in Fighting
  8421 | D:9      | Reached ***** piety under Trog
  8421 | D:9      | Reached skill level 12 in Maces & Flails
  8432 | D:9      | Reached XP level 11. HP: 51/74 MP: 11/11
  8607 | D:9      | Found a shadowy altar of Dithmenos.
  8990 | D:10     | Entered Level 10 of the Dungeon
  9113 | D:10     | Received a gift from Trog
  9196 | D:10     | Found a staircase to the Orcish Mines.
  9363 | D:10     | Found a blossoming altar of Fedhas.
  9365 | D:10     | Noticed an oklob plant
  9365 | D:10     | Noticed an oklob plant
  9520 | D:10     | Noticed Sonja
  9551 | D:10     | Killed Sonja
  9551 | D:10     | Reached skill level 13 in Maces & Flails
  9653 | D:10     | Reached skill level 12 in Fighting
  9864 | D:10     | Noticed an unseen horror
  9872 | D:10     | Killed an unseen horror
 10249 | D:11     | Noticed a white ugly thing
 10274 | D:11     | Killed a white ugly thing
 10913 | D:11     | Noticed a two-headed ogre
 10927 | D:11     | Killed a two-headed ogre
 10927 | D:11     | Reached skill level 14 in Maces & Flails
 10927 | D:11     | Reached XP level 12. HP: 64/82 MP: 12/12
 11415 | Lair:1   | Entered Level 1 of the Lair of Beasts
 11429 | D:9      | Reached skill level 7 in Armour
 11768 | Lair:1   | Noticed a four-headed hydra
 11782 | Lair:1   | Killed a four-headed hydra
 11912 | Lair:1   | Noticed Grum
 12073 | Lair:1   | Reached skill level 8 in Armour
 12086 | Lair:1   | Killed Grum
 12086 | Lair:1   | Reached skill level 13 in Fighting
 12612 | Lair:2   | Reached skill level 9 in Armour
 12619 | Lair:1   | HP: 5/84 [blink frog (11)]
 12932 | Lair:2   | Reached skill level 1 in Slings
 13053 | Lair:2   | Reached skill level 2 in Slings
 13387 | Lair:2   | Reached skill level 3 in Slings
 13654 | Lair:2   | Found a staircase to the Swamp.
 13781 | Lair:2   | Reached skill level 4 in Slings
 14389 | Lair:3   | Reached skill level 5 in Slings
 14394 | Lair:3   | Reached XP level 13. HP: 47/89 MP: 13/13
 14610 | Lair:3   | Got a faintly humming chain mail
 15110 | Lair:3   | Found a glowing silver altar of Zin.
 15251 | Lair:4   | Reached skill level 14 in Fighting
 15255 | Lair:4   | Reached skill level 6 in Slings
 15261 | Lair:4   | Noticed Kirke
 15296 | Lair:4   | Slain by a harpy

Vault maps used:
D:1:      dpeg_arrival_long_road
D:2:      lemuel_round_altar, uniq_jessica
D:3:      tgw_sif, gup_sewer_entry_glass, uniq_ijyb
D:4:      grunt_gozag_breadcrumbs, temple_statues, first_ration
D:5:      cheibriados_altar_1, uniq_blork_the_orc
D:6:      kennysheep_okawaru_gauntlet, kennysheep_mini,
          grunt_temple_overflow_open, st_stairs_7, nicolae_alphabet_shops,
          kennysheep_generic_room_11, uniq_eustachio, uniq_duvessa,
          uniq_menkaure, uniq_edmund
D:7:      tso_metal_star, basic_altar
D:9:      lemuel_crystal_altar, erik_lair_orcish_takeover
D:10:     special_room, grunt_tengu_nest, hangedman_tree_tricks,
          hangedman_decor_growths, uniq_sonja
Temple:   minmay_temple_forest_path
Lair:1:   uniq_grum
Lair:2:   swamp_mist, grunt_megastairs_4
Lair:3:   lemuel_centaur_altar, grunt_megastairs_2, minmay_lair_oklob_chamber
Lair:4:   guppyfry_snake_entry_garden, grunt_megastairs_5, lemuel_fruit_tree,
          infiniplex_staircase_pool_2, uniq_kirke, uniq_nessos
Sewer:    sewer_co_purgy_island

Skill      XL: |  1  2  3  4  5  6  7  8  9 10 11 12 13 |
---------------+----------------------------------------+-----
Maces & Flails | 4 5 6 7 10 12 14 | 14.0
Fighting       | 4 5 7 8 9 11 12 13 14 | 14.0
Armour         | 3 5 6 9 |  9.2
Slings         | 5 6 |  6.0
Dodging        | |  1.5

Action                   |  1- 3 |  4- 6 |  7- 9 | 10-12 | 13-15 || total
-------------------------+-------+-------+-------+-------+-------++-------
Melee: Mace              |   115 |   242 |       |       |       ||   357
       Flail             |       |    35 |   371 |   797 |    69 ||  1272
       Unarmed           |       |       |       |       |    12 ||    12
 Fire: Hunting sling     |       |       |       |     2 |       ||     2
Throw: Stone             |       |       |       |     3 |       ||     3
Invok: Berserk           |       |     1 |     1 |     1 |       ||     3
       Brothers in Arms  |       |       |       |       |     1 ||     1
Evoke: Wand              |       |       |       |     1 |       ||     1
  Use: Scroll            |     4 |     5 |     9 |     6 |       ||    24
       Potion            |       |       |       |     1 |     1 ||     2
  Eat: Chunk             |     2 |     5 |    16 |    24 |     2 ||    49
       Ration            |       |     1 |       |       |       ||     1
Armor: Animal skin       |     4 |       |       |       |       ||     4
       Chain mail        |   100 |   238 |   394 |   477 |    56 ||  1265
Dodge: Dodged            |   102 |   150 |   219 |   246 |    35 ||   752

Table legend:
 A = Non-vault XP
 B = Vault XP
 C = Vault XP percentage of total XP
 D = Non-vault monster count
 E = Vault monster count
 F = Vault count percentage of total count
                 A         B        C        D         E       F
            +---------+---------+-------+---------+---------+-------
      Total |   28777 |    6732 |  19.0 |     293 |      67 |  18.6
            +---------+---------+-------+---------+---------+-------
        D:1 |      52 |       0 |   0.0 |      19 |       0 |   0.0
        D:2 |     104 |      37 |  26.2 |      25 |       1 |   3.8
        D:3 |      50 |      42 |  45.7 |      11 |       4 |  26.7
        D:4 |     390 |       0 |   0.0 |      15 |       0 |   0.0
        D:5 |     844 |      94 |  10.0 |      16 |       1 |   5.9
        D:6 |     601 |     751 |  55.5 |      13 |       5 |  27.8
        D:7 |    1146 |       0 |   0.0 |      23 |       0 |   0.0
        D:8 |     963 |       0 |   0.0 |      14 |       0 |   0.0
        D:9 |    4657 |     626 |  11.8 |      40 |       8 |  16.7
       D:10 |    5070 |    1479 |  22.6 |      44 |      22 |  33.3
       D:11 |    3132 |       0 |   0.0 |      14 |       0 |   0.0
     Lair:1 |    2657 |     428 |  13.9 |      10 |       3 |  23.1
     Lair:2 |    6725 |       0 |   0.0 |      34 |       0 |   0.0
     Lair:3 |    1673 |    1934 |  53.6 |      12 |       9 |  42.9
     Lair:4 |     713 |    1189 |  62.5 |       3 |       6 |  66.7
      Sewer |       0 |     152 | 100.0 |       0 |       8 | 100.0
            +---------+---------+-------+---------+---------+-------
